Nordiques vs Rangers

Created - 6 mars 2018 at 19:34

Goals
1 2 3 T
Nordiques 1 1 1 3
Rangers 0 1 0 1
Shots
1 2 3 T
Nordiques 10 11 9 30
Rangers 11 20 13 44

1st period

1. Nordiques , Jamie Benn 32 (Shayne Gostisbehere 24, Roberto Luongo) at 18:50 (PP)

Penalties :
Justin Williams (NYR) for Interference (Minor) at 9:42, Jason Spezza (NYR) for High sticking (Minor) at 18:15, Kyle Turris (QUE) for High sticking (Minor) at 19:38

2nd period

2. Rangers , Brayden Schenn 25 (Jason Spezza 27, Artemi Panarin 38) at 4:51
3. Nordiques , Kyle Turris 22 (Evander Kane 10, Alexander Wennberg 30) at 17:58 (PP)

Penalties :
Clayton Stoner (NYR) for Slashing (Minor) at 15:10, Clayton Stoner (NYR) for Boarding (Minor) at 17:48

3rd period

4. Nordiques , Alexander Wennberg 20 (Kyle Turris 22) at 17:04

Penalties :
No Penalty

Goalie Stats

Roberto Luongo (QUE), 43 saves from 44 shots - (0,977), W, 30-16-5, 60:00 minutes
Henrik Lundqvist (NYR), 27 saves from 30 shots - (0,900), L, 25-16-9, 60:00 minutes

Players Stats for Nordiques

Player Name              G  A  P  +/- PIM S  H  SB GA TA FO     MP     PP MP  PK MP  
------------------------------------------------------------------------------------
Alexander Wennberg       1  1  2   1  0   3  0  0  0  1  0/0    17:32   2:34   0:00 
Andrei Markov            0  0  0   0  0   1  1  4  1  0  0/0    23:27   2:19   0:59 
Derek MacKenzie          0  0  0   0  0   0  0  0  1  0  0/0     7:38   0:00   0:00 
Evander Kane             0  1  1   1  0   2  5  0  2  2  0/1    18:18   2:34   1:02 
Jakub Vrana              0  0  0   0  0   0  0  0  1  0  1/1    12:59   0:00   0:00 
Jamie Benn               1  0  1  -1  0   1  2  2  0  1  0/1    20:49   2:09   0:57 
Jared Spurgeon           0  0  0   0  0   4  1  1  1  1  0/0    23:27   2:19   0:59 
Jaromir Jagr             0  0  0   0  0   0  2  0  1  0  0/1    13:26   0:06   0:00 
Kevin Klein              0  0  0   1  0   0  2  0  0  2  0/0    13:20   0:00   0:00 
Kyle Turris              1  1  2   1  2   5  2  0  0  2  15/23  17:35   2:34   0:00 
Luke Glendening          0  0  0   0  0   1  1  0  0  0  1/3     7:38   0:00   0:00 
Morgan Rielly            0  0  0  -1  0   2  2  0  1  0  0/0    23:13   2:24   1:00 
Patrik Berglund          0  0  0   0  0   2  1  1  0  0  7/12   14:01   0:00   1:02 
Paul Carey               0  0  0   0  0   0  0  0  0  0  0/0     7:38   0:00   0:00 
Ryan O'Reilly            0  0  0  -1  0   2  0  0  0  0  12/19  20:49   2:09   0:57 
Sebastian Aho            0  0  0  -1  0   3  1  0  0  0  0/2    19:37   2:03   0:00 
Shayne Gostisbehere      0  1  1  -1  0   4  1  0  2  2  0/0    23:13   2:24   1:00 
Tom Gilbert              0  0  0   1  0   0  0  1  0  0  0/0    13:20   0:00   0:00 

Players Stats for Rangers

Player Name              G  A  P  +/- PIM S  H  SB GA TA FO     MP     PP MP  PK MP  
------------------------------------------------------------------------------------
Artemi Panarin           0  1  1   1  0   3  0  1  2  1  1/3    18:02   1:18   0:00 
Ben Smith                0  0  0  -1  0   6  0  0  0  1  1/8    11:18   0:00   2:38 
Brayden Schenn           1  0  1   1  0   7  4  0  0  0  2/2    19:05   1:18   0:58 
Chris Stewart            0  0  0  -1  0   2  1  0  1  0  0/0     8:40   0:00   0:00 
Clayton Stoner           0  0  0   0  4   3  2  3  0  1  0/0    14:45   0:00   0:00 
Esa Lindell              0  0  0  -1  0   2  1  0  0  0  0/0    21:55   0:34   3:20 
Ian Cole                 0  0  0  -1  0   1  1  0  0  2  0/0    18:27   0:34   0:00 
Jason Spezza             0  1  1   1  2   2  0  0  0  0  13/26  18:01   1:18   0:00 
Johan Larsson            0  0  0  -1  0   2  2  0  1  0  0/0    11:29   0:00   2:43 
Justin Williams          0  0  0   0  2   3  0  0  1  0  1/1    16:38   0:41   0:00 
Kyle Connor              0  0  0   0  0   1  1  0  1  0  0/0    17:22   0:41   0:37 
Matt Niskanen            0  0  0   1  0   2  4  2  0  2  0/0    23:32   1:25   1:23 
Mike Ribeiro             0  0  0   0  0   2  1  0  0  1  6/14   16:34   0:41   0:00 
Nick Ritchie             0  0  0   0  0   0  3  1  0  0  0/3    11:50   0:00   0:00 
Paul Byron               0  0  0   0  0   3  1  0  2  0  0/0    13:05   0:00   1:15 
Ron Hainsey              0  0  0   0  0   2  2  1  1  1  0/0    17:14   1:25   1:23 
Torrey Mitchell          0  0  0   0  0   3  1  0  2  0  3/6    13:05   0:00   1:15 
Zdeno Chara              0  0  0   1  0   0  3  3  0  1  0/0    24:11   0:00   3:20 

3 Stars

1 - Roberto Luongo (QUE)
2 - Alexander Wennberg (QUE)
3 - Kyle Turris (QUE)

Power Play

Nordiques - 2 on 4 Attempt(s) - 50,00%
Rangers - 0 on 1 Attempt(s) - 0,00%

Penalty Kill

Nordiques - 1 on 1 Attempt(s) - 100,00% - Score 0 goal in Penalty Kill
Rangers - 2 on 4 Attempt(s) - 50,00% - Score 0 goal in Penalty Kill

Team Stat

Nordiques - Hits : 21 - Faceoff Wins : 36 - Blocked Shots : 9 - Penalty Minutes : 2
Rangers - Hits : 27 - Faceoff Wins : 27 - Blocked Shots : 11 - Penalty Minutes : 8

Official

Referees : Frederick L'Ecuyer and Chris Rooney
Linesman : Mike Cvik and Steve Miller

Game Notes

No Game Note

Finance

Level 1 -- Attendance: 4654 (77,57%) -- Ticket Income 465 400 $
Level 2 -- Attendance: 4450 (89,00%) -- Ticket Income 267 000 $
Level 3 -- Attendance: 1987 (99,35%) -- Ticket Income 69 545 $
Level 4 -- Attendance: 4000 (100,00%) -- Ticket Income 80 000 $
Luxury Box -- Attendance: 714 (71,40%) -- Ticket Income 142 800 $
Game was played at the Blue Shirt Stadium.
Total Attendance: 15805 (87,81%)
Total Ticket Income: 1 024 745 $
Other Income: 502 125 $
Total Income: 1 526 870 $

Nordiques

5 vs 5 Forward 
   Center                   Left Wing                Right Wing               Time % Phy DF OF 
 1 Ryan O'Reilly            Jamie Benn               Sebastian Aho            35     0   2  3  
 2 Kyle Turris              Evander Kane             Alexander Wennberg       30     0   2  3  
 3 Patrik Berglund          Jakub Vrana              Jaromir Jagr             25     0   2  3  
 4 Luke Glendening          Derek MacKenzie          Paul Carey               10     0   2  3  

5 vs 5 Defense 
   Defense                  Defense                                           Time % Phy DF OF 
 1 Andrei Markov            Jared Spurgeon                                    38     1   3  1  
 2 Morgan Rielly            Shayne Gostisbehere                               38     1   3  1  
 3 Kevin Klein              Tom Gilbert                                       24     1   3  1  
 4 Andrei Markov            Jared Spurgeon                                    0      1   3  1  

PowerPlay Forward 
   Center                   Left Wing                Right Wing               Time % Phy DF OF 
 1 Ryan O'Reilly            Jamie Benn               Sebastian Aho            50     0   1  4  
 2 Kyle Turris              Evander Kane             Alexander Wennberg       50     0   1  4  

PowerPlay Defense
   Defense                  Defense                                           Time % Phy DF OF 
 1 Andrei Markov            Jared Spurgeon                                    50     1   2  2  
 2 Morgan Rielly            Shayne Gostisbehere                               50     1   2  2  

Penalty Kill 4 Players Forward 
   Center                   Wing                     Time % Phy DF OF 
 1 Ryan O'Reilly            Jamie Benn               50     1   2  2  
 2 Patrik Berglund          Evander Kane             50     1   3  1  

Penalty Kill 4 Players Defense
   Defense                  Defense                  Time % Phy DF OF 
 1 Andrei Markov            Jared Spurgeon           50     1   3  1  
 2 Morgan Rielly            Shayne Gostisbehere      50     1   3  1  

Penalty Kill - 3 Players Forward 
   Forward                                           Time % Phy DF OF 
 1 Ryan O'Reilly                                     50     0   3  2  
 2 Patrik Berglund                                   50     0   3  2  

Penalty Kill - 3 Players Defense
   Defense                  Defense                  Time % Phy DF OF 
 1 Andrei Markov            Jared Spurgeon           50     1   3  1  
 2 Morgan Rielly            Shayne Gostisbehere      50     1   3  1  

4 vs 4 Forward 
   Center                   Wing                     Time % Phy DF OF 
 1 Ryan O'Reilly            Jamie Benn               50     0   2  3  
 2 Kyle Turris              Alexander Wennberg       50     0   2  3  

4 vs 4 Defense
   Defense                  Defense                  Time % Phy DF OF 
 1 Andrei Markov            Jared Spurgeon           50     1   2  2  
 2 Morgan Rielly            Shayne Gostisbehere      50     1   2  2  

Last Minutes Offensive
   Center                   Left Wing                Right Wing               Defense                  Defense                  
   Ryan O'Reilly            Jamie Benn               Sebastian Aho            Andrei Markov            Jared Spurgeon           

Last Minutes Defensive
   Center                   Left Wing                Right Wing               Defense                  Defense                  
   Ryan O'Reilly            Jamie Benn               Sebastian Aho            Andrei Markov            Jared Spurgeon           

Goaltenders
Starting : Roberto Luongo           
Backup : Jonathan Bernier         

Extra Forwards
Normal : Ryan O'Reilly, Jamie Benn, Kyle Turris - PP : Jaromir Jagr, Patrik Berglund - PK : Ryan O'Reilly
Extra Defensemen
Normal : Kevin Klein, Tom Gilbert, Morgan Rielly - PP : Tom Gilbert - PK : Kevin Klein, Tom Gilbert
Penalty Shots
Jamie Benn, Kyle Turris, Sebastian Aho, Patrik Berglund, Ryan O'Reilly
Custom OT Lines Forwards
Jamie Benn, Ryan O'Reilly, Kyle Turris, Alexander Wennberg, Sebastian Aho, Patrik Berglund, Evander Kane, Jaromir Jagr, Jakub Vrana, Luke Glendening
Custom OT Lines Defensemen
Jared Spurgeon, Andrei Markov, Morgan Rielly, Shayne Gostisbehere, Kevin Klein

Scratches
Connor Brown (Lower Body Injury), John-Michael Liles (Healthy)

Rangers

5 vs 5 Forward 
   Center                   Left Wing                Right Wing               Time % Phy DF OF 
 1 Jason Spezza             Artemi Panarin           Brayden Schenn           36     0   2  3  
 2 Mike Ribeiro             Kyle Connor              Justin Williams          34     0   2  3  
 3 Torrey Mitchell          Nick Ritchie             Paul Byron               22     0   3  2  
 4 Johan Larsson            Chris Stewart            Ben Smith                8      0   4  1  

5 vs 5 Defense 
   Defense                  Defense                                           Time % Phy DF OF 
 1 Zdeno Chara              Matt Niskanen                                     43     1   2  2  
 2 Esa Lindell              Ian Cole                                          37     1   2  2  
 3 Ron Hainsey              Clayton Stoner                                    20     1   2  2  
 4 Esa Lindell              Clayton Stoner                                    0      1   2  2  

PowerPlay Forward 
   Center                   Left Wing                Right Wing               Time % Phy DF OF 
 1 Jason Spezza             Artemi Panarin           Brayden Schenn           60     0   1  4  
 2 Mike Ribeiro             Kyle Connor              Justin Williams          40     0   1  4  

PowerPlay Defense
   Defense                  Defense                                           Time % Phy DF OF 
 1 Matt Niskanen            Ron Hainsey                                       60     0   1  4  
 2 Esa Lindell              Ian Cole                                          40     0   1  4  

Penalty Kill 4 Players Forward 
   Center                   Wing                     Time % Phy DF OF 
 1 Ben Smith                Johan Larsson            60     0   5  0  
 2 Torrey Mitchell          Paul Byron               40     0   5  0  

Penalty Kill 4 Players Defense
   Defense                  Defense                  Time % Phy DF OF 
 1 Esa Lindell              Zdeno Chara              60     0   5  0  
 2 Matt Niskanen            Ron Hainsey              40     0   5  0  

Penalty Kill - 3 Players Forward 
   Forward                                           Time % Phy DF OF 
 1 Ben Smith                                         60     0   5  0  
 2 Torrey Mitchell                                   40     0   5  0  

Penalty Kill - 3 Players Defense
   Defense                  Defense                  Time % Phy DF OF 
 1 Zdeno Chara              Esa Lindell              60     0   5  0  
 2 Matt Niskanen            Ron Hainsey              40     0   5  0  

4 vs 4 Forward 
   Center                   Wing                     Time % Phy DF OF 
 1 Torrey Mitchell          Paul Byron               60     0   3  2  
 2 Ben Smith                Johan Larsson            40     0   3  2  

4 vs 4 Defense
   Defense                  Defense                  Time % Phy DF OF 
 1 Ron Hainsey              Ian Cole                 60     0   3  2  
 2 Esa Lindell              Matt Niskanen            40     0   3  2  

Last Minutes Offensive
   Center                   Left Wing                Right Wing               Defense                  Defense                  
   Jason Spezza             Artemi Panarin           Brayden Schenn           Matt Niskanen            Ian Cole                 

Last Minutes Defensive
   Center                   Left Wing                Right Wing               Defense                  Defense                  
   Torrey Mitchell          Johan Larsson            Ben Smith                Ron Hainsey              Esa Lindell              

Goaltenders
Starting : Henrik Lundqvist         
Backup : Philipp Grubauer         

Extra Forwards
Normal : Torrey Mitchell, Kyle Connor, Jason Spezza - PP : Brayden Schenn, Kyle Connor - PK : Ben Smith
Extra Defensemen
Normal : Ian Cole, Esa Lindell, Matt Niskanen - PP : Esa Lindell - PK : Esa Lindell, Ron Hainsey
Penalty Shots
Artemi Panarin, Jason Spezza, Paul Byron, Mike Ribeiro, Ben Smith
Custom OT Lines Forwards
Ben Smith, Jason Spezza, Kyle Connor, Torrey Mitchell, Artemi Panarin, Johan Larsson, Justin Williams, Nick Ritchie, Brayden Schenn, Paul Byron
Custom OT Lines Defensemen
Matt Niskanen, Ian Cole, Ron Hainsey, Esa Lindell, Zdeno Chara

Scratches
Anton Lander (Healthy), Shawn Matthias (Healthy)

% Time on Ice - Nordiques

Lines # - Real PCT - Wanted PCT - Time Play
Normal Forward
1 - 34% - 35% - 17:59
2 - 28% - 30% - 14:42
3 - 24% - 25% - 12:59
4 - 14% - 10% - 7:38
Normal Defense
1 - 38% - 38% - 20:09
2 - 37% - 38% - 19:49
3 - 25% - 24% - 13:20
4 - 0% - 0% - 0:00
PP Forward
1 - 46% - 50% - 2:09
2 - 54% - 50% - 2:34
PP Defense
1 - 49% - 50% - 2:19
2 - 51% - 50% - 2:24
PK Forward
1 - 48% - 50% - 0:57
2 - 52% - 50% - 1:02
PK Defense
1 - 50% - 50% - 0:59
2 - 50% - 50% - 1:00
PK3 Forward
1 - 0% - 50%
2 - 0% - 50%
PK3 Defense
1 - 0% - 50%
2 - 0% - 50%
44 Forward
1 - 0% - 50%
2 - 0% - 50%
44 Defense
1 - 0% - 50%
2 - 0% - 50%
Last Minute Offensive  - 0:00
Last Minute Defensive  - 0:00
Total
Forward - 60:00
Defense - 60:00

% Time on Ice - Rangers

Lines # - Real PCT - Wanted PCT - Time Play
Normal Forward
1 - 32% - 36% - 16:55
2 - 30% - 34% - 15:53
3 - 22% - 22% - 11:50
4 - 16% - 8% - 8:40
Normal Defense
1 - 39% - 43% - 21:03
2 - 34% - 37% - 18:20
3 - 26% - 20% - 13:40
4 - 0% - 0% - 0:15
PP Forward
1 - 66% - 60% - 1:18
2 - 34% - 40% - 0:41
PP Defense
1 - 71% - 60% - 1:25
2 - 29% - 40% - 0:34
PK Forward
1 - 73% - 60% - 3:28
2 - 27% - 40% - 1:15
PK Defense
1 - 71% - 60% - 3:20
2 - 29% - 40% - 1:23
PK3 Forward
1 - 0% - 60%
2 - 0% - 40%
PK3 Defense
1 - 0% - 60%
2 - 0% - 40%
44 Forward
1 - 0% - 60%
2 - 0% - 40%
44 Defense
1 - 0% - 60%
2 - 0% - 40%
Last Minute Offensive  - 0:00
Last Minute Defensive  - 0:00
Total
Forward - 60:00
Defense - 60:00

Play by Play

1st period


0:01 of 1st period - Ryan O'Reilly wins face-off versus Jason Spezza in neutral zone.
0:32 of 1st period - Snap shot by Kyle Turris.
0:32 of 1st period - Stopped by Henrik Lundqvist without a rebound.
0:33 of 1st period - Kyle Turris wins face-off versus Torrey Mitchell in Rangers zone.
0:42 of 1st period - Snap shot by Kyle Turris.
0:42 of 1st period - Shot Blocked by Nick Ritchie.
1:15 of 1st period - Wrist shot by Torrey Mitchell.
1:15 of 1st period - Shot Misses the Net.
1:17 of 1st period - Slapshot by Esa Lindell.
1:17 of 1st period - Stopped by Roberto Luongo with a rebound.
1:19 of 1st period - Backhand shot by Esa Lindell.
1:19 of 1st period - Shot Hit the Post.
1:21 of 1st period - Snap shot by Torrey Mitchell.
1:21 of 1st period - Stopped by Roberto Luongo without a rebound.
1:22 of 1st period - Patrik Berglund wins face-off versus Mike Ribeiro in Nordiques zone.
1:36 of 1st period - Wrist shot by Ron Hainsey.
1:36 of 1st period - Shot Misses the Net.
1:38 of 1st period - Snap shot by Clayton Stoner.
1:38 of 1st period - Shot Misses the Net.
1:45 of 1st period - Icing by Jaromir Jagr.
1:46 of 1st period - Jason Spezza wins face-off versus Sebastian Aho in Nordiques zone.
2:45 of 1st period - Snap shot by Chris Stewart.
2:45 of 1st period - Shot Misses the Net.
3:47 of 1st period - Luke Glendening is hit by Esa Lindell and loses puck.
4:35 of 1st period - Slapshot by Chris Stewart.
4:35 of 1st period - Stopped by Roberto Luongo with a rebound.
4:37 of 1st period - Wrist shot by Ron Hainsey.
4:37 of 1st period - Stopped by Roberto Luongo with a rebound.
4:39 of 1st period - Wrist shot by Ben Smith.
4:39 of 1st period - Shot Misses the Net.
5:05 of 1st period - Snap shot by Ryan O'Reilly.
5:05 of 1st period - Shot Blocked by Clayton Stoner.
5:11 of 1st period - Tom Gilbert is hit by Johan Larsson and loses puck.
5:44 of 1st period - Snap shot by Ryan O'Reilly.
5:44 of 1st period - Deflect By Sebastian Aho.
5:44 of 1st period - Shot Blocked by Ron Hainsey.
5:44 of 1st period - Puck is out of play.
5:45 of 1st period - Jason Spezza wins face-off versus Evander Kane in Rangers zone.
5:45 of 1st period - Jason Spezza is hit by Evander Kane.
5:51 of 1st period - Snap shot by Brayden Schenn.
5:51 of 1st period - Stopped by Roberto Luongo without a rebound.
5:52 of 1st period - Kyle Turris wins face-off versus Jason Spezza in Nordiques zone.
5:59 of 1st period - Wrist shot by Artemi Panarin.
5:59 of 1st period - Shot Misses the Net.
6:01 of 1st period - Snap shot by Jason Spezza.
6:01 of 1st period - Stopped by Roberto Luongo without a rebound.
6:02 of 1st period - Mike Ribeiro wins face-off versus Patrik Berglund in Nordiques zone.
6:07 of 1st period - Snap shot by Kyle Connor.
6:07 of 1st period - Deflect By Andrei Markov.
6:07 of 1st period - Stopped by Roberto Luongo with a rebound.
6:09 of 1st period - Backhand shot by Justin Williams.
6:09 of 1st period - Stopped by Roberto Luongo with a rebound.
6:11 of 1st period - Snap shot by Matt Niskanen.
6:11 of 1st period - Deflect By Jakub Vrana.
6:11 of 1st period - Stopped by Roberto Luongo with a rebound.
6:29 of 1st period - Matt Niskanen is hit by Evander Kane.
6:32 of 1st period - Off-side.
6:33 of 1st period - Kyle Turris wins face-off versus Jason Spezza in neutral zone.
6:59 of 1st period - Snap shot by Kyle Turris.
6:59 of 1st period - Stopped by Henrik Lundqvist without a rebound.
7:00 of 1st period - Patrik Berglund wins face-off versus Mike Ribeiro in Rangers zone.
7:27 of 1st period - Jared Spurgeon is hit by Torrey Mitchell and loses puck.
7:56 of 1st period - Snap shot by Jamie Benn.
7:56 of 1st period - Shot Misses the Net.
8:30 of 1st period - Icing by Ron Hainsey.
8:31 of 1st period - Torrey Mitchell wins face-off versus Patrik Berglund in Rangers zone.
8:59 of 1st period - Snap shot by Paul Byron.
8:59 of 1st period - Shot Blocked by Tom Gilbert.
9:19 of 1st period - Wrist shot by Patrik Berglund.
9:19 of 1st period - Shot Blocked by Zdeno Chara.
9:21 of 1st period - Wrist shot by Patrik Berglund.
9:21 of 1st period - Stopped by Henrik Lundqvist without a rebound.
9:22 of 1st period - Ryan O'Reilly wins face-off versus Mike Ribeiro in Rangers zone.
9:42 of 1st period - Minor Penalty to Justin Williams for Interference.
9:43 of 1st period - Ryan O'Reilly wins face-off versus Ben Smith in Rangers zone.
9:53 of 1st period - Snap shot by Jamie Benn.
9:53 of 1st period - Shot Blocked by Zdeno Chara.
9:55 of 1st period - Slapshot by Jared Spurgeon.
9:55 of 1st period - Shot Misses the Net.
9:57 of 1st period - Slapshot by Ryan O'Reilly.
9:57 of 1st period - Stopped by Henrik Lundqvist with a rebound.
9:59 of 1st period - Wrist shot by Jared Spurgeon.
9:59 of 1st period - Deflect By Jamie Benn.
9:59 of 1st period - Shot Misses the Net.
9:59 of 1st period - Puck is out of play.
10:00 of 1st period - Ben Smith wins face-off versus Kyle Turris in Rangers zone.
10:12 of 1st period - Off-side.
10:13 of 1st period - Kyle Turris wins face-off versus Ben Smith in neutral zone.
10:16 of 1st period - Zdeno Chara is hit by Kyle Turris.
11:37 of 1st period - Evander Kane is hit by Brayden Schenn and loses puck.
11:42 of 1st period - Penalty to Justin Williams is over, Justin Williams is back on ice.
12:00 of 1st period - Snap shot by Shayne Gostisbehere.
12:00 of 1st period - Shot Misses the Net.
13:04 of 1st period - Kyle Turris is hit by Chris Stewart and loses puck.
13:13 of 1st period - Johan Larsson is hit by Evander Kane.
13:39 of 1st period - Wrist shot by Patrik Berglund.
13:39 of 1st period - Shot Blocked by Clayton Stoner.
14:46 of 1st period - Wrist shot by Luke Glendening.
14:46 of 1st period - Stopped by Henrik Lundqvist with a rebound.
15:12 of 1st period - Snap shot by Chris Stewart.
15:12 of 1st period - Stopped by Roberto Luongo with a rebound.
15:34 of 1st period - Wrist shot by Alexander Wennberg.
15:34 of 1st period - Stopped by Henrik Lundqvist without a rebound.
15:35 of 1st period - Patrik Berglund wins face-off versus Jason Spezza in Rangers zone.
17:02 of 1st period - Justin Williams is hit by Jamie Benn and loses puck.
17:09 of 1st period - Snap shot by Ryan O'Reilly.
17:09 of 1st period - Stopped by Henrik Lundqvist without a rebound.
17:10 of 1st period - Ryan O'Reilly wins face-off versus Jason Spezza in Rangers zone.
18:10 of 1st period - Wrist shot by Patrik Berglund.
18:10 of 1st period - Stopped by Henrik Lundqvist without a rebound.
18:11 of 1st period - Ryan O'Reilly wins face-off versus Jason Spezza in Rangers zone.
18:12 of 1st period - Snap shot by Sebastian Aho.
18:12 of 1st period - Stopped by Henrik Lundqvist without a rebound.
18:13 of 1st period - Jason Spezza wins face-off versus Ryan O'Reilly in Rangers zone.
18:15 of 1st period - Minor Penalty to Jason Spezza for High sticking.
18:16 of 1st period - Kyle Turris wins face-off versus Ben Smith in Rangers zone.
18:50 of 1st period - Snap shot by Jamie Benn.
18:50 of 1st period - Goal by Jamie Benn - Nordiques : 1 - Rangers : 0.
18:51 of 1st period - Ryan O'Reilly wins face-off versus Jason Spezza in neutral zone.
19:06 of 1st period - Jared Spurgeon is hit by Brayden Schenn and loses puck.
19:21 of 1st period - Slapshot by Mike Ribeiro.
19:21 of 1st period - Shot Misses the Net.
19:23 of 1st period - Slapshot by Mike Ribeiro.
19:23 of 1st period - Stopped by Roberto Luongo without a rebound.
19:24 of 1st period - Mike Ribeiro wins face-off versus Kyle Turris in Nordiques zone.
19:38 of 1st period - Minor Penalty to Kyle Turris for High sticking.
19:39 of 1st period - Artemi Panarin wins face-off versus Jamie Benn in Nordiques zone.
Goals for this period are 1 for Nordiques vs 0 for Rangers.
Shots for this period are 10 for Nordiques vs 11 for Rangers.

2nd period


0:01 of 2nd period - Patrik Berglund wins face-off versus Jason Spezza in neutral zone.
0:04 of 2nd period - Slapshot by Shayne Gostisbehere.
0:04 of 2nd period - Deflect By Brayden Schenn.
0:04 of 2nd period - Stopped by Henrik Lundqvist without a rebound.
0:05 of 2nd period - Patrik Berglund wins face-off versus Artemi Panarin in Rangers zone.
0:24 of 2nd period - Morgan Rielly is hit by Matt Niskanen and loses puck.
1:38 of 2nd period - Penalty to Kyle Turris is over, Kyle Turris is back on ice.
1:47 of 2nd period - Luke Glendening is hit by Nick Ritchie and loses puck.
1:52 of 2nd period - Snap shot by Torrey Mitchell.
1:52 of 2nd period - Stopped by Roberto Luongo without a rebound.
1:53 of 2nd period - Torrey Mitchell wins face-off versus Luke Glendening in Nordiques zone.
1:54 of 2nd period - Slapshot by Paul Byron.
1:54 of 2nd period - Stopped by Roberto Luongo with a rebound.
1:56 of 2nd period - Slapshot by Esa Lindell.
1:56 of 2nd period - Shot Misses the Net.
1:58 of 2nd period - Wrist shot by Torrey Mitchell.
1:58 of 2nd period - Stopped by Roberto Luongo without a rebound.
1:59 of 2nd period - Luke Glendening wins face-off versus Nick Ritchie in Nordiques zone.
2:04 of 2nd period - Slapshot by Jared Spurgeon.
2:04 of 2nd period - Stopped by Henrik Lundqvist without a rebound.
2:05 of 2nd period - Jason Spezza wins face-off versus Ryan O'Reilly in Rangers zone.
2:18 of 2nd period - Snap shot by Brayden Schenn.
2:18 of 2nd period - Stopped by Roberto Luongo without a rebound.
2:19 of 2nd period - Kyle Turris wins face-off versus Mike Ribeiro in Nordiques zone.
2:28 of 2nd period - Slapshot by Shayne Gostisbehere.
2:28 of 2nd period - Stopped by Henrik Lundqvist with a rebound.
2:30 of 2nd period - Wrist shot by Kyle Turris.
2:30 of 2nd period - Stopped by Henrik Lundqvist without a rebound.
2:31 of 2nd period - Ryan O'Reilly wins face-off versus Jason Spezza in Rangers zone.
2:34 of 2nd period - Wrist shot by Sebastian Aho.
2:34 of 2nd period - Stopped by Henrik Lundqvist without a rebound.
2:35 of 2nd period - Jason Spezza wins face-off versus Sebastian Aho in Rangers zone.
3:23 of 2nd period - Andrei Markov is hit by Zdeno Chara and loses puck.
3:28 of 2nd period - Slapshot by Artemi Panarin.
3:28 of 2nd period - Stopped by Roberto Luongo without a rebound.
3:29 of 2nd period - Kyle Turris wins face-off versus Mike Ribeiro in Nordiques zone.
3:42 of 2nd period - Wrist shot by Evander Kane.
3:42 of 2nd period - Stopped by Henrik Lundqvist without a rebound.
3:43 of 2nd period - Justin Williams wins face-off versus Ryan O'Reilly in Rangers zone.
4:10 of 2nd period - Justin Williams is hit by Patrik Berglund and loses puck.
4:33 of 2nd period - Wrist shot by Mike Ribeiro.
4:33 of 2nd period - Stopped by Roberto Luongo with a rebound.
4:35 of 2nd period - Slapshot by Ian Cole.
4:35 of 2nd period - Shot Blocked by Andrei Markov.
4:37 of 2nd period - Slapshot by Ian Cole.
4:37 of 2nd period - Shot Blocked by Andrei Markov.
4:39 of 2nd period - Slapshot by Justin Williams.
4:39 of 2nd period - Stopped by Roberto Luongo without a rebound.
4:40 of 2nd period - Brayden Schenn wins face-off versus Ryan O'Reilly in Nordiques zone.
4:49 of 2nd period - Slapshot by Artemi Panarin.
4:49 of 2nd period - Shot Blocked by Jamie Benn.
4:51 of 2nd period - Slapshot by Jason Spezza.
4:51 of 2nd period - Deflect By Brayden Schenn.
4:51 of 2nd period - Goal by Brayden Schenn - Nordiques : 1 - Rangers : 1.
4:52 of 2nd period - Kyle Turris wins face-off versus Jason Spezza in neutral zone.
4:55 of 2nd period - Slapshot by Shayne Gostisbehere.
4:55 of 2nd period - Stopped by Henrik Lundqvist with a rebound.
5:09 of 2nd period - Wrist shot by Alexander Wennberg.
5:09 of 2nd period - Shot Blocked by Zdeno Chara.
5:19 of 2nd period - Sebastian Aho is hit by Zdeno Chara and loses puck.
5:26 of 2nd period - Slapshot by Morgan Rielly.
5:26 of 2nd period - Deflect By Jamie Benn.
5:26 of 2nd period - Shot Misses the Net.
5:26 of 2nd period - Puck is out of play.
5:27 of 2nd period - Ryan O'Reilly wins face-off versus Mike Ribeiro in Rangers zone.
5:36 of 2nd period - Wrist shot by Sebastian Aho.
5:36 of 2nd period - Shot Blocked by Clayton Stoner.
5:54 of 2nd period - Kyle Turris is hit by Ron Hainsey and loses puck.
6:15 of 2nd period - Shayne Gostisbehere is hit by Clayton Stoner and loses puck.
6:22 of 2nd period - Torrey Mitchell is hit by Morgan Rielly and loses puck.
6:41 of 2nd period - Wrist shot by Ben Smith.
6:41 of 2nd period - Shot Hit the Post.
6:45 of 2nd period - Wrist shot by Johan Larsson.
6:45 of 2nd period - Shot Misses the Net.
6:47 of 2nd period - Slapshot by Johan Larsson.
6:47 of 2nd period - Shot Misses the Net.
7:20 of 2nd period - Kyle Connor is hit by Jaromir Jagr and loses puck.
7:28 of 2nd period - Off-side.
7:29 of 2nd period - Kyle Turris wins face-off versus Jason Spezza in neutral zone.
7:46 of 2nd period - Brayden Schenn is hit by Evander Kane.
7:56 of 2nd period - Jamie Benn is hit by Nick Ritchie and loses puck.
8:27 of 2nd period - Backhand shot by Matt Niskanen.
8:27 of 2nd period - Stopped by Roberto Luongo with a rebound.
8:41 of 2nd period - Patrik Berglund is hit by Zdeno Chara and loses puck.
9:16 of 2nd period - Snap shot by Kyle Turris.
9:16 of 2nd period - Stopped by Henrik Lundqvist with a rebound.
9:18 of 2nd period - Wrist shot by Alexander Wennberg.
9:18 of 2nd period - Stopped by Henrik Lundqvist without a rebound.
9:19 of 2nd period - Ryan O'Reilly wins face-off versus Nick Ritchie in Rangers zone.
10:00 of 2nd period - Kyle Connor is hit by Kevin Klein.
10:54 of 2nd period - Snap shot by Esa Lindell.
10:54 of 2nd period - Stopped by Roberto Luongo without a rebound.
10:55 of 2nd period - Ryan O'Reilly wins face-off versus Ben Smith in Nordiques zone.
11:04 of 2nd period - Snap shot by Johan Larsson.
11:04 of 2nd period - Shot Blocked by Andrei Markov.
11:06 of 2nd period - Slapshot by Ben Smith.
11:06 of 2nd period - Stopped by Roberto Luongo with a rebound.
11:08 of 2nd period - Slapshot by Zdeno Chara.
11:08 of 2nd period - Shot Blocked by Jamie Benn.
11:10 of 2nd period - Wrist shot by Johan Larsson.
11:10 of 2nd period - Shot Misses the Net.
11:22 of 2nd period - Zdeno Chara is hit by Sebastian Aho and loses puck.
11:33 of 2nd period - Snap shot by Johan Larsson.
11:33 of 2nd period - Shot Misses the Net.
11:35 of 2nd period - Wrist shot by Ben Smith.
11:35 of 2nd period - Shot Misses the Net.
11:53 of 2nd period - Ben Smith is hit by Jamie Benn and loses puck.
12:30 of 2nd period - Andrei Markov is hit by Clayton Stoner and loses puck.
12:39 of 2nd period - Backhand shot by Ben Smith.
12:39 of 2nd period - Stopped by Roberto Luongo with a rebound.
12:41 of 2nd period - Slapshot by Clayton Stoner.
12:41 of 2nd period - Stopped by Roberto Luongo with a rebound.
12:43 of 2nd period - Slapshot by Ben Smith.
12:43 of 2nd period - Stopped by Roberto Luongo with a rebound.
12:45 of 2nd period - Wrist shot by Johan Larsson.
12:45 of 2nd period - Shot Misses the Net.
12:47 of 2nd period - Slapshot by Johan Larsson.
12:47 of 2nd period - Stopped by Roberto Luongo with a rebound.
12:49 of 2nd period - Slapshot by Johan Larsson.
12:49 of 2nd period - Stopped by Roberto Luongo without a rebound.
12:50 of 2nd period - Kyle Turris wins face-off versus Artemi Panarin in Nordiques zone.
13:41 of 2nd period - Ian Cole is hit by Luke Glendening.
15:10 of 2nd period - Minor Penalty to Clayton Stoner for Slashing.
15:11 of 2nd period - Kyle Turris wins face-off versus Ben Smith in Rangers zone.
15:26 of 2nd period - Snap shot by Shayne Gostisbehere.
15:26 of 2nd period - Shot Misses the Net.
15:55 of 2nd period - Sebastian Aho is hit by Brayden Schenn and loses puck.
16:26 of 2nd period - Shayne Gostisbehere is hit by Matt Niskanen.
16:34 of 2nd period - Jared Spurgeon is hit by Paul Byron and loses puck.
17:10 of 2nd period - Penalty to Clayton Stoner is over, Clayton Stoner is back on ice.
17:21 of 2nd period - Andrei Markov is hit by Kyle Connor and loses puck.
17:48 of 2nd period - Minor Penalty to Clayton Stoner for Boarding.
17:49 of 2nd period - Kyle Turris wins face-off versus Ben Smith in Rangers zone.
17:56 of 2nd period - Wrist shot by Evander Kane.
17:56 of 2nd period - Stopped by Henrik Lundqvist with a rebound.
17:58 of 2nd period - Wrist shot by Kyle Turris.
17:58 of 2nd period - Goal by Kyle Turris - Nordiques : 2 - Rangers : 1.
17:59 of 2nd period - Jason Spezza wins face-off versus Kyle Turris in neutral zone.
18:10 of 2nd period - Shayne Gostisbehere is hit by Brayden Schenn and loses puck.
18:35 of 2nd period - Snap shot by Jamie Benn.
18:35 of 2nd period - Shot Blocked by Matt Niskanen.
18:54 of 2nd period - Slapshot by Ben Smith.
18:54 of 2nd period - Stopped by Roberto Luongo without a rebound.
18:55 of 2nd period - Kyle Turris wins face-off versus Ben Smith in Nordiques zone.
19:19 of 2nd period - Slapshot by Ian Cole.
19:19 of 2nd period - Stopped by Roberto Luongo with a rebound.
19:21 of 2nd period - Snap shot by Johan Larsson.
19:21 of 2nd period - Deflect By Ben Smith.
19:21 of 2nd period - Stopped by Roberto Luongo without a rebound.
19:22 of 2nd period - Jason Spezza wins face-off versus Patrik Berglund in Nordiques zone.
19:33 of 2nd period - Wrist shot by Brayden Schenn.
19:33 of 2nd period - Stopped by Roberto Luongo without a rebound.
19:34 of 2nd period - Kyle Turris wins face-off versus Jason Spezza in Nordiques zone.
Goals for this period are 1 for Nordiques vs 1 for Rangers.
Shots for this period are 11 for Nordiques vs 20 for Rangers.

3rd period


0:01 of 3rd period - Jason Spezza wins face-off versus Ryan O'Reilly in neutral zone.
0:04 of 3rd period - Morgan Rielly is hit by Matt Niskanen and loses puck.
0:29 of 3rd period - Artemi Panarin is hit by Jaromir Jagr and loses puck.
1:22 of 3rd period - Slapshot by Ron Hainsey.
1:22 of 3rd period - Stopped by Roberto Luongo with a rebound.
1:24 of 3rd period - Slapshot by Ron Hainsey.
1:24 of 3rd period - Deflect By Paul Byron.
1:24 of 3rd period - Stopped by Roberto Luongo without a rebound.
1:25 of 3rd period - Mike Ribeiro wins face-off versus Ryan O'Reilly in Nordiques zone.
1:52 of 3rd period - Kyle Turris is hit by Nick Ritchie and loses puck.
2:40 of 3rd period - Slapshot by Ben Smith.
2:40 of 3rd period - Shot Misses the Net.
2:42 of 3rd period - Wrist shot by Ben Smith.
2:42 of 3rd period - Stopped by Roberto Luongo with a rebound.
2:44 of 3rd period - Snap shot by Johan Larsson.
2:44 of 3rd period - Shot Hit the Post.
3:07 of 3rd period - Backhand shot by Jamie Benn.
3:07 of 3rd period - Shot Misses the Net.
3:09 of 3rd period - Slapshot by Sebastian Aho.
3:09 of 3rd period - Deflect By Ryan O'Reilly.
3:09 of 3rd period - Shot Misses the Net.
3:09 of 3rd period - Puck is out of play.
3:10 of 3rd period - Kyle Turris wins face-off versus Jason Spezza in Rangers zone.
3:11 of 3rd period - Wrist shot by Alexander Wennberg.
3:11 of 3rd period - Shot Blocked by Artemi Panarin.
3:42 of 3rd period - Wrist shot by Torrey Mitchell.
3:42 of 3rd period - Shot Misses the Net.
3:44 of 3rd period - Wrist shot by Nick Ritchie.
3:44 of 3rd period - Shot Misses the Net.
3:46 of 3rd period - Slapshot by Matt Niskanen.
3:46 of 3rd period - Shot Misses the Net.
4:00 of 3rd period - Wrist shot by Jared Spurgeon.
4:00 of 3rd period - Stopped by Henrik Lundqvist without a rebound.
4:01 of 3rd period - Jason Spezza wins face-off versus Patrik Berglund in Rangers zone.
4:14 of 3rd period - Slapshot by Brayden Schenn.
4:14 of 3rd period - Deflect By Jason Spezza.
4:14 of 3rd period - Stopped by Roberto Luongo with a rebound.
4:28 of 3rd period - Ian Cole is hit by Kevin Klein and loses puck.
4:35 of 3rd period - Snap shot by Kyle Connor.
4:35 of 3rd period - Shot Misses the Net.
4:37 of 3rd period - Backhand shot by Justin Williams.
4:37 of 3rd period - Stopped by Roberto Luongo with a rebound.
5:38 of 3rd period - Slapshot by Shayne Gostisbehere.
5:38 of 3rd period - Stopped by Henrik Lundqvist without a rebound.
5:39 of 3rd period - Jason Spezza wins face-off versus Ryan O'Reilly in Rangers zone.
5:52 of 3rd period - Slapshot by Andrei Markov.
5:52 of 3rd period - Stopped by Henrik Lundqvist with a rebound.
5:54 of 3rd period - Slapshot by Andrei Markov.
5:54 of 3rd period - Shot Misses the Net.
5:56 of 3rd period - Slapshot by Andrei Markov.
5:56 of 3rd period - Deflect By Sebastian Aho.
5:56 of 3rd period - Stopped by Henrik Lundqvist without a rebound.
5:57 of 3rd period - Mike Ribeiro wins face-off versus Kyle Turris in Rangers zone.
5:57 of 3rd period - Mike Ribeiro is hit by Kyle Turris.
6:02 of 3rd period - Off-side.
6:03 of 3rd period - Mike Ribeiro wins face-off versus Kyle Turris in neutral zone.
6:34 of 3rd period - Jared Spurgeon is hit by Ian Cole.
7:04 of 3rd period - Slapshot by Matt Niskanen.
7:04 of 3rd period - Shot Blocked by Andrei Markov.
7:24 of 3rd period - Snap shot by Mike Ribeiro.
7:24 of 3rd period - Deflect By Andrei Markov.
7:24 of 3rd period - Shot Blocked by Jared Spurgeon.
7:24 of 3rd period - Puck is out of play.
7:25 of 3rd period - Jason Spezza wins face-off versus Kyle Turris in Nordiques zone.
7:28 of 3rd period - Snap shot by Artemi Panarin.
7:28 of 3rd period - Stopped by Roberto Luongo without a rebound.
7:29 of 3rd period - Jason Spezza wins face-off versus Kyle Turris in Nordiques zone.
7:30 of 3rd period - Wrist shot by Artemi Panarin.
7:30 of 3rd period - Stopped by Roberto Luongo with a rebound.
7:32 of 3rd period - Snap shot by Brayden Schenn.
7:32 of 3rd period - Stopped by Roberto Luongo without a rebound.
7:33 of 3rd period - Jason Spezza wins face-off versus Kyle Turris in Nordiques zone.
8:48 of 3rd period - Wrist shot by Artemi Panarin.
8:48 of 3rd period - Shot Misses the Net.
8:50 of 3rd period - Wrist shot by Clayton Stoner.
8:50 of 3rd period - Stopped by Roberto Luongo without a rebound.
8:51 of 3rd period - Ryan O'Reilly wins face-off versus Mike Ribeiro in Nordiques zone.
8:56 of 3rd period - Kyle Connor is hit by Jared Spurgeon and loses puck.
9:03 of 3rd period - Backhand shot by Sebastian Aho.
9:03 of 3rd period - Shot Misses the Net.
9:05 of 3rd period - Wrist shot by Ryan O'Reilly.
9:05 of 3rd period - Shot Misses the Net.
9:07 of 3rd period - Wrist shot by Ryan O'Reilly.
9:07 of 3rd period - Shot Misses the Net.
10:04 of 3rd period - Kevin Klein is hit by Matt Niskanen and loses puck.
10:37 of 3rd period - Morgan Rielly is hit by Johan Larsson and loses puck.
11:06 of 3rd period - Matt Niskanen is hit by Evander Kane and loses puck.
11:31 of 3rd period - Ian Cole is hit by Shayne Gostisbehere and loses puck.
11:44 of 3rd period - Shayne Gostisbehere is hit by Ron Hainsey and loses puck.
12:26 of 3rd period - Wrist shot by Mike Ribeiro.
12:26 of 3rd period - Deflect By Jaromir Jagr.
12:26 of 3rd period - Shot Misses the Net.
12:26 of 3rd period - Puck is out of play.
12:27 of 3rd period - Patrik Berglund wins face-off versus Mike Ribeiro in Nordiques zone.
12:34 of 3rd period - Slapshot by Andrei Markov.
12:34 of 3rd period - Shot Misses the Net.
12:36 of 3rd period - Slapshot by Jakub Vrana.
12:36 of 3rd period - Shot Misses the Net.
12:38 of 3rd period - Slapshot by Jared Spurgeon.
12:38 of 3rd period - Shot Misses the Net.
13:34 of 3rd period - Slapshot by Jared Spurgeon.
13:34 of 3rd period - Stopped by Henrik Lundqvist with a rebound.
13:36 of 3rd period - Snap shot by Jared Spurgeon.
13:36 of 3rd period - Stopped by Henrik Lundqvist without a rebound.
13:37 of 3rd period - Brayden Schenn wins face-off versus Luke Glendening in Rangers zone.
16:24 of 3rd period - Wrist shot by Brayden Schenn.
16:24 of 3rd period - Stopped by Roberto Luongo with a rebound.
16:30 of 3rd period - Jason Spezza is hit by Andrei Markov and loses puck.
16:41 of 3rd period - Jamie Benn is hit by Mike Ribeiro and loses puck.
17:04 of 3rd period - Slapshot by Alexander Wennberg.
17:04 of 3rd period - Goal by Alexander Wennberg - Nordiques : 3 - Rangers : 1.
17:05 of 3rd period - Patrik Berglund wins face-off versus Nick Ritchie in neutral zone.
17:10 of 3rd period - Slapshot by Jaromir Jagr.
17:10 of 3rd period - Shot Misses the Net.
17:12 of 3rd period - Slapshot by Morgan Rielly.
17:12 of 3rd period - Stopped by Henrik Lundqvist without a rebound.
17:13 of 3rd period - Jakub Vrana wins face-off versus Torrey Mitchell in Rangers zone.
17:14 of 3rd period - Wrist shot by Jaromir Jagr.
17:14 of 3rd period - Shot Misses the Net.
17:16 of 3rd period - Backhand shot by Morgan Rielly.
17:16 of 3rd period - Stopped by Henrik Lundqvist with a rebound.
17:28 of 3rd period - Slapshot by Shayne Gostisbehere.
17:28 of 3rd period - Shot Blocked by Matt Niskanen.
17:38 of 3rd period - Snap shot by Brayden Schenn.
17:38 of 3rd period - Shot Misses the Net.
17:46 of 3rd period - Jason Spezza is hit by Morgan Rielly and loses puck.
18:30 of 3rd period - Icing by Ian Cole.
18:31 of 3rd period - Torrey Mitchell wins face-off versus Patrik Berglund in Rangers zone.
18:46 of 3rd period - Snap shot by Paul Byron.
18:46 of 3rd period - Stopped by Roberto Luongo with a rebound.
18:56 of 3rd period - Snap shot by Artemi Panarin.
18:56 of 3rd period - Shot Misses the Net.
18:58 of 3rd period - Backhand shot by Clayton Stoner.
18:58 of 3rd period - Stopped by Roberto Luongo with a rebound.
19:00 of 3rd period - Slapshot by Clayton Stoner.
19:00 of 3rd period - Shot Blocked by Patrik Berglund.
19:06 of 3rd period - Wrist shot by Brayden Schenn.
19:06 of 3rd period - Stopped by Roberto Luongo without a rebound.
19:07 of 3rd period - Ryan O'Reilly wins face-off versus Torrey Mitchell in Nordiques zone.
19:46 of 3rd period - Off-side.
19:47 of 3rd period - Mike Ribeiro wins face-off versus Jaromir Jagr in neutral zone.
Goals for this period are 1 for Nordiques vs 0 for Rangers.
Shots for this period are 9 for Nordiques vs 13 for Rangers.